 Dungeon Crawl Stone Soup version 0.30-a0-297-g0ec75d9ef4 (webtiles) character file.

Game seed: 14046596813552277593

501 Morbidden the Poker (level 6, -7/73 (84) HPs)
             Began as a Minotaur Fighter on Oct 19, 2022.
             Mangled by a wight
             ... wielding a +3 halberd
              (12 damage)
             ... on level 5 of the Dungeon.
             The game lasted 00:03:07 (3294 turns).

Morbidden the Poker (Minotaur Fighter)              Turns: 3294, Time: 00:03:09

HP:   -7/73 (84)    AC: 13    Str: 21    XL:     6   Next: 95%
MP:   6/7           EV:  6    Int:  7    God:
Gold: 198           SH:  4    Dex:  9    Spells: 8/8 levels left

rFire   . . .      SeeInvis .    a - +0 trident
rCold   . . .      Faith    .    c - +0 buckler
rNeg    + . .      Spirit   .    x - +0 plate armour
rPois   .          Reflect  .    (helmet restricted)
rElec   .          Harm     .    (no cloak)
rCorr   .          Rampage  .    (no gloves)
Will    +....                    h - +0 pair of boots
Stlth   ..........               (no amulet)
HPRegen 0.32/turn                m - ring of willpower
MPRegen 0.10/turn                u - ring of positive energy

@: berserking, heavily drained, very quick
A: horns 2, retaliatory headbutt
a: no special abilities


You were on level 5 of the Dungeon.
You visited 1 branch of the dungeon, and saw 5 of its levels.

You collected 198 gold pieces.

Inventory:

Hand Weapons
 a - a +0 trident (weapon)
 b - a +0 war axe
Armour
 c - a +0 buckler (worn)
 h - a +0 pair of boots (worn)
 x - a +0 plate armour (worn)
Jewellery
 m - a ring of willpower (left hand)
 u - a ring of positive energy (right hand)
Scrolls
 e - 5 scrolls of teleportation {unknown}
 f - a scroll of vulnerability {unknown}
 i - a scroll of enchant weapon {unknown}
 j - a scroll of amnesia {unknown}
 k - a scroll of poison {unknown}
 l - 5 scrolls of identify {unknown}
 p - a scroll of brand weapon {unknown}
 q - 3 scrolls of immolation {unknown}
Potions
 d - 2 potions of might
 n - a potion of resistance {unknown}
 r - a potion of haste {unknown}
 s - a potion of lignification {unknown}
 t - a potion of heal wounds {unknown}
 v - a potion of attraction {unknown}
 w - a potion of flight {unknown}


   Skills:
 * Level 5.2 Fighting
 * Level 1.8(4.0) Axes
 * Level 5.5(5.7) Polearms
 * Level 4.8 Armour
 * Level 2.0 Dodging
 * Level 4.1 Shields
 * Level 1.5 Spellcasting


You had 8 spell levels left.
You didn't know any spells.
Your spell library contained the following spells:

 Spells                   Type           Power      Damage    Failure   Level
 Gell's Gravitas          Tloc           0%         N/A       100%        3
 Lesser Beckoning         Tloc           0%         N/A       100%        3
 Teleport Other           Tloc           0%         N/A       100%        3


Dungeon Overview and Level Annotations

Branches:
Dungeon (5/15)
 Temple: D:4-7

Altars:
Elyvilon
Uskayaw


Innate Abilities, Weirdness & Mutations

You have a pair of horns on your head.
You reflexively headbutt those who attack you in melee.


Message History

You are too injured to fight recklessly!
You are too injured to fight recklessly!
You are too injured to fight recklessly!
Unknown command.
You are too injured to fight recklessly!
You are too injured to fight recklessly!
Unknown command.
You are too injured to fight recklessly!
Unknown command.
The wight hits you with a +2 long sword!
You partially resist.
You feel drained.
Unknown command.
The wight attacks as you move away!
The wight hits you with a +2 long sword.
You partially resist.
You feel drained.
Okay, then.
It was a potion of berserk rage.
A red film seems to cover your vision as you go berserk!
You feel yourself moving faster!
You feel mighty!
The wight hits you with a +2 long sword!
* * * LOW HITPOINT WARNING * * *
You partially resist.
You feel drained.
* * * LOW HITPOINT WARNING * * *
You barely miss the wight.
The wight is moderately damaged.
The wight hits you with a +2 long sword.
* * * LOW HITPOINT WARNING * * *
You partially resist.
You feel drained.
Unknown command.
You puncture the wight!
You destroy the wight!
Unknown command.
The wight hits you with a +3 halberd!
* * * LOW HITPOINT WARNING * * *
You partially resist.
You feel drained.
Things that are here:
a +2 long sword; a +0 robe Unknown command.
You barely miss the wight. The wight hits you with a +3 halberd!
You die...

#..........
#..........
#.....# #.!$..#
##....# #....#
##...## #z...#
##@..# ##....#
##.....#
##......#
##.......##
#.........#
##........## .
#####.....###..
#..........


You could see a wight.

Vanquished Creatures
  A scorpion (D:4)
  A wight (D:5)
  An orc priest (D:3)
  A jelly (D:4)
  3 iguanas (D:4)
  3 orc wizards (D:3)
  3 gnolls (D:4)
  7 adders
  A worm (D:2)
  5 dart slugs
  8 orcs
  3 bats
  8 endoplasms
  5 giant cockroaches
  6 goblins
  5 hobgoblins
  4 jackals (D:3)
  A quokka (D:2)
  6 ball pythons
  3 frilled lizards (D:1)
  7 kobolds
  4 rats
86 creatures vanquished.

Vanquished Creatures (others)
  5 plants (D:1)
5 creatures vanquished.

Grand Total: 91 creatures vanquished

Notes
Turn   | Place    | Note
-------+----------+-------------------------------------------
     0 | D:1      | Morbidden the Minotaur Fighter began the quest for the Orb.
     0 | D:1      | Reached XP level 1. HP: 19/19 MP: 0/0
     6 | D:1      | Noticed a black bear
     6 | D:1      | Noticed a wolf
     6 | D:1      | Noticed a killer bee
     7 | D:1      | Noticed a wyvern
     7 | D:1      | Noticed a swamp worm
   143 | D:1      | Reached XP level 2. HP: 27/27 MP: 1/1
  1011 | D:2      | Reached XP level 3. HP: 12/33 MP: 2/2
  1416 | D:2      | Reached XP level 4. HP: 41/41 MP: 3/3
  1925 | D:3      | Reached skill level 1 in Dodging
  1930 | D:3      | Reached XP level 5. HP: 45/47 MP: 4/4
  2114 | D:3      | Found a white marble altar of Elyvilon.
  2118 | D:3      | Reached skill level 1 in Axes
  2423 | D:3      | Reached skill level 5 in Fighting
  2710 | D:4      | Reached skill level 5 in Polearms
  2710 | D:4      | Reached XP level 6. HP: 53/56 MP: 5/5
  2795 | D:4      | Found a hide-covered altar of Uskayaw.
  2977 | D:4      | Reached skill level 1 in Spellcasting
  3258 | D:5      | Entered Level 5 of the Dungeon
  3294 | D:5      | Mangled by a wight

Illustrated notes

Levels and vault maps discovered:
D:1:      onia_arrival_zoo_common, layout_loops_ring, serial_bayou,
          serial_bayou_crossing, serial_bayou_lagoon_a, serial_bayou_pond_b,
          serial_bayou_pond_e
D:2:      layout_basic
D:3:      layout_basic, elyvilon_altar_5
D:4:      layout_cave_pools, eat_drink_and_be_merry_uskayaw,
          chequers_hall_statues_corner_a
D:5:      layout_cave_pods, temple_pool_b

Skill      XL: |  1  2  3  4  5  6 |
---------------+-------------------+-----
Armour         | 4 |  4.8
Fighting       | 4 5 |  5.2
Polearms       | 3 4 5 |  5.5
Dodging        | 1 2 |  2.0
Axes           | 1 |  1.8
Shields        | 4 |  4.1
Spellcasting   | 1 |  1.5

Action                   |  1- 3 |  4- 6 || total
-------------------------+-------+-------++-------
Melee: Trident           |    94 |   160 ||   254
       Headbutt          |     5 |    16 ||    21
       War axe           |       |     4 ||     4
  Use: Potion            |       |     1 ||     1
Armor: Scale mail        |    24 |     3 ||    27
       Chain mail        |       |    79 ||    79
       Plate armour      |       |     1 ||     1
Dodge: Dodged            |    24 |    48 ||    72
Block: Buckler           |    13 |    28 ||    41

Table legend: (Time is in decaauts)
 A = Elapsed time spent in this place.
 B = Non-inter-level travel time spent in this place.
 C = Inter-level travel time spent in this place.
 D = Time resting spent in this place.
 E = Time spent auto-exploring this place.
 F = Levels seen in this place.
 G = Mean time per level.
                   A        B        C        D        E       F      G
               +--------+--------+--------+--------+--------+-----+--------+
         Total |   3364 |   3234 |    130 |    202 |   2417 |   5 |  672.8 |
       Dungeon |   3364 |   3234 |    130 |    202 |   2417 |   5 |  672.8 |
               +--------+--------+--------+--------+--------+-----+--------+

Top non-repeatable levels by time:
     D:1: 1172 daAuts
     D:3: 805 daAuts
     D:2: 771 daAuts
     D:4: 579 daAuts
     D:5: 35 daAuts
